 Dungeon Crawl Stone Soup version 0.22.0-40-g68aacdc (webtiles) character file.

60 Monsterracer the Magician (level 4, -2/32 HPs)
             Began as a Gnoll Wizard on Sept 1, 2018.
             Killed from afar by Natasha (9 damage)
             ... with a magic dart
             ... on level 2 of the Dungeon.
             The game lasted 00:01:38 (1017 turns).

Monsterracer the Magician (Gnoll Wizard)            Turns: 1017, Time: 00:01:39

Health: -2/32      AC:  5    Str:  9    XL:     4   Next: 6%
Magic:  3/13       EV: 14    Int: 21    God:
Gold:   27         SH:  0    Dex: 14    Spells: 6/17 levels left

rFire    . . .     SeeInvis .   j - +0 spear
rCold    . . .     Gourm    .   (no shield)
rNeg     . . .     Faith    .   a - +0 robe
rPois    .         Spirit   .   b - +0 hat
rElec    .         Reflect  .   (no cloak)
rCorr    .         Harm     .   h - +2 pair of gloves
MR       .....                  (no boots)
Stlth    +++.......             (no amulet)
HPRegen  0.10/turn              (no ring)
MPRegen  0.13/turn              (no ring)

@: slowed, very slow
A: distributed training, fangs 1, strong nose
a: no special abilities


You were on level 2 of the Dungeon.
You were not hungry.

You visited 1 branch of the dungeon, and saw 2 of its levels.

You collected 27 gold pieces.

Inventory:

Hand Weapons
 j - a +0 spear (weapon)
Armour
 a - a +0 robe (worn)
 b - a +0 hat (worn)
 h - a +2 pair of gloves (worn)
Scrolls
 e - a scroll of identify {unknown}
 f - 2 scrolls of fear {unknown}
 i - a scroll of blinking {unknown}
Potions
 d - a potion of degeneration {unknown}
 g - 2 potions of haste {unknown}
 k - a potion of curing {unknown}
Comestibles
 c - 3 rations


   Skills:
 + Level 1.0 Fighting
 + Level 1.0 Short Blades
 + Level 1.0 Long Blades
 + Level 1.0 Axes
 + Level 1.0 Maces & Flails
 + Level 1.0 Polearms
 + Level 1.0 Staves
 + Level 1.0 Slings
 + Level 1.0 Bows
 + Level 1.0 Crossbows
 + Level 1.0 Throwing
 + Level 1.0 Armour
 + Level 4.6 Dodging
 + Level 4.2 Stealth
 + Level 1.0 Shields
 + Level 1.0 Unarmed Combat
 + Level 7.2 Spellcasting
 + Level 2.2 Conjurations
 + Level 0.7 Hexes
 + Level 0.7 Charms
 + Level 2.2 Summonings
 + Level 0.7 Necromancy
 + Level 2.2 Translocations
 + Level 0.7 Transmutations
 + Level 0.7 Fire Magic
 + Level 0.7 Ice Magic
 + Level 0.7 Air Magic
 + Level 0.7 Earth Magic
 + Level 0.7 Poison Magic
 + Level 1.1 Invocations
 + Level 1.0 Evocations


You had 6 spell levels left.
You knew the following spells:

 Your Spells              Type           Power        Failure   Level  Hunger
a - Magic Dart            Conj           ###.         3%          1    None
b - Conjure Flame         Conj/Fire      ##......     14%         3    None
c - Mephitic Cloud        Conj/Pois/Air  ##......     16%         3    None
d - Call Imp              Summ           ###.....     5%          2    None
e - Blink                 Tloc           N/A          5%          2    None

Your spell library contained the following spells:

 Spells                   Type           Power        Failure   Level  Hunger
 Slow                     Hex            ##......     10%         2    None


Dungeon Overview and Level Annotations

Branches:
Dungeon (2/15)

Altars:

Annotations:
D:2 Natasha


Innate Abilities, Weirdness & Mutations

Your experience applies equally to all skills.
You have very sharp teeth.
Your uncanny sense of smell can sniff out nearby items.


Message History

You see here a goblin corpse.
Natasha stares at you and mumbles some strange words.
The magic dart hits you!
You take 4 damage, and have 13/25 hp.
Natasha misses you.
Natasha mewls in sadness.
There is a stone staircase leading up here.
You hit Natasha. Your bite misses Natasha.
Natasha is lightly wounded.
Natasha claws you.
* * * LOW HITPOINT WARNING * * *
Natasha claws you.
* * * LOW HITPOINT WARNING * * *
You take 6 damage, and have 8/25 hp.
MASSIVE DAMAGE!!
Casting: Magic Dart (safe; 3% risk of failure)
Confirm with . or Enter, or press ? or * to list all spells.
Aiming: Magic Dart (safe; 3% risk of failure)
Press: ? - help, Shift-Dir - straight line, f - Natasha
Aim: Natasha (lightly wounded)
The magic dart hits Natasha.
Natasha is moderately wounded.
Natasha closely misses you.
Casting: Magic Dart (safe; 3% risk of failure)
Confirm with . or Enter, or press ? or * to list all spells.
Aiming: Magic Dart (safe; 3% risk of failure)
Press: ? - help, Shift-Dir - straight line, f/p - Natasha
Aim: Natasha (moderately wounded)
The magic dart hits Natasha.
Natasha is severely wounded.
Natasha claws you.
* * * LOW HITPOINT WARNING * * *
You take 3 damage, and have 5/25 hp.
You now have 1/11 mp.
Unknown command.
Casting: Magic Dart (safe; 3% risk of failure)
Confirm with . or Enter, or press ? or * to list all spells.
Aiming: Magic Dart (safe; 3% risk of failure)
Press: ? - help, Shift-Dir - straight line, f/p - Natasha
Aim: Natasha (severely wounded)
The magic dart hits Natasha.
Natasha is severely wounded.
Natasha stares at you and mumbles some strange words.
You feel yourself slow down.
You now have 0/11 mp.
Unknown command.
Evoke which item? (* to show all) (? for menu, Esc to quit)
Okay, then.
You miss Natasha.
Natasha is severely wounded.
Natasha claws you.
* * * LOW HITPOINT WARNING * * *
You take 2 damage, and have 3/25 hp.
Unknown command.
You hit Natasha.
Natasha is almost dead.
Natasha closely misses you.
Natasha stares at you and mumbles some strange words.
You resist with significant effort.
Natasha stares at you and mumbles some strange words.
You feel as though you will be slow longer.
Casting: Magic Dart (safe; 3% risk of failure)
Confirm with . or Enter, or press ? or * to list all spells.
Aiming: Magic Dart (safe; 3% risk of failure)
Press: ? - help, Shift-Dir - straight line, f/p - Natasha
Aim: Natasha (almost dead)
The magic dart hits Natasha.
You kill Natasha!
Natasha screams in pain as she dies!
Your Fighting skill increases to level 1!
Your Short Blades skill increases to level 1!
Your Long Blades skill increases to level 1!
Your Axes skill increases to level 1!
Your Maces & Flails skill increases to level 1!
Your Polearms skill increases to level 1!
Your Staves skill increases to level 1!
Your Slings skill increases to level 1!
Your Bows skill increases to level 1!
Your Crossbows skill increases to level 1!
Your Throwing skill increases to level 1!
Your Armour skill increases to level 1!
Your Shields skill increases to level 1!
Your Unarmed Combat skill increases to level 1!
Your Invocations skill increases to level 1!
Your Evocations skill increases to level 1!
You have reached level 4!
You feel agile.
You now have 0/13 mp.
You start resting.
The worm is too close now for your liking.
A worm is nearby!
Natasha, Servant of Life and Death comes into view.
Natasha wildly gestures.
You feel disoriented.
Natasha stares at you and mumbles some strange words.
You resist with some effort. Natasha casts a spell at you.
You feel as though you will be slow longer.
A worm comes into view.
Natasha casts a spell at you. The magic dart hits you!
You die...

#.# #†# #.#
#.# #.# #.# ∆
#.# #.# #.# #
..# #.# #.#.#
..###w#
#.#.###
...##.#
#.....# #
.wh...#
#.###.##.#.##
...##.# #.#
#......w.
#.....#
#.###@# ∆
#####.#
####..h..#
#.#
#....w.###
#.# #.######
#.# # .#


You could see 2 worms and Natasha.

Vanquished Creatures
  Natasha (D:2)
  A worm (D:2)
  A dart slug (D:1)
  A leopard gecko (D:1)
  5 goblins
  3 hobgoblins
  6 kobolds (D:1)
  5 bats (D:1)
  2 frilled lizards (D:1)
  4 rats (D:1)
29 creatures vanquished.

Notes
Turn   | Place    | Note
-------+----------+-------------------------------------------
     0 | D:1      | Monsterracer the Gnoll Wizard began the quest for the Orb.
     0 | D:1      | Reached XP level 1. HP: 13/13 MP: 8/8
   178 | D:1      | Reached XP level 2. HP: 19/19 MP: 8/10
   670 | D:1      | Reached XP level 3. HP: 25/25 MP: 9/11
   674 | D:1      | Learned a level 2 spell: Blink
   678 | D:1      | Learned a level 3 spell: Conjure Flame
   682 | D:1      | Learned a level 3 spell: Mephitic Cloud
   685 | D:1      | Learned a level 2 spell: Call Imp
   968 | D:2      | Noticed Natasha
   992 | D:2      | HP: 12/25 [Natasha (2)]
   994 | D:2      | HP: 5/25 [Natasha (3)]
  1000 | D:2      | Killed Natasha
  1000 | D:2      | Reached skill level 1 in Fighting
  1000 | D:2      | Reached skill level 1 in Short Blades
  1000 | D:2      | Reached skill level 1 in Long Blades
  1000 | D:2      | Reached skill level 1 in Axes
  1000 | D:2      | Reached skill level 1 in Maces & Flails
  1000 | D:2      | Reached skill level 1 in Polearms
  1000 | D:2      | Reached skill level 1 in Staves
  1000 | D:2      | Reached skill level 1 in Slings
  1000 | D:2      | Reached skill level 1 in Bows
  1000 | D:2      | Reached skill level 1 in Crossbows
  1000 | D:2      | Reached skill level 1 in Throwing
  1000 | D:2      | Reached skill level 1 in Armour
  1000 | D:2      | Reached skill level 1 in Shields
  1000 | D:2      | Reached skill level 1 in Unarmed Combat
  1000 | D:2      | Reached skill level 1 in Invocations
  1000 | D:2      | Reached skill level 1 in Evocations
  1000 | D:2      | Reached XP level 4. HP: 4/32 MP: 0/13
  1012 | D:2      | Noticed Natasha
  1017 | D:2      | Killed from afar by Natasha

Skill      XL: |  1  2  3 |
---------------+----------+-----
Conjurations   | 2 |  2.2
Summonings     | 2 |  2.2
Translocations | 2 |  2.2
Fighting       | 1 |  1.0
Short Blades   | 1 |  1.0
Long Blades    | 1 |  1.0
Axes           | 1 |  1.0
Maces & Flails | 1 |  1.0
Polearms       | 1 |  1.0
Staves         | 1 |  1.0
Slings         | 1 |  1.0
Bows           | 1 |  1.0
Crossbows      | 1 |  1.0
Throwing       | 1 |  1.0
Armour         | 1 |  1.0
Shields        | 1 |  1.0
Unarmed Combat | 1 |  1.0
Invocations    | 1 |  1.1
Evocations     | 1 |  1.0
Dodging        | |  4.6
Stealth        | |  4.2
Spellcasting   | |  7.2
Hexes          | |  0.7
Charms         | |  0.7
Necromancy     | |  0.7
Transmutations | |  0.7
Fire Magic     | |  0.7
Ice Magic      | |  0.7
Air Magic      | |  0.7
Earth Magic    | |  0.7
Poison Magic   | |  0.7

Action                   |  1- 3 |  4- 6 || total
-------------------------+-------+-------++-------
Melee: Spear             |     3 |       ||     3
 Cast: Magic Dart        |    64 |     1 ||    65
Dodge: Dodged            |     5 |       ||     5

Vault maps used:
D:1:      zelgadis_glass_arrival_small
D:2:      grunt_temple_overflow_order_and_chaos_2, evilmike_ruin_ashenzari,
          nicolae_overflow_hidden_temple, first_ration,
          chequers_ecumenical_altar_grove, uniq_jessica, uniq_natasha,
          uniq_sigmund
